 Dungeon Crawl Stone Soup version 0.24.0-1-gfbc8707122 (webtiles) character file.

Game seed: 12390675870937615490, levelgen mode: deterministic

23583 Froggeryz the Fencer (level 13, 0/163 HPs)
             Began as a Barachi Abyssal Knight on Oct 28, 2019.
             Was a High Priest of Lugonu.
             Slain by a minotaur
             ... wielding the +3 war axe "Yfexash" {chop, *Noise rElec rPois Stlth+}
              (1 damage)
             ... in a Gauntlet.
             The game lasted 00:35:39 (12239 turns).

Froggeryz the Fencer (Barachi Abyssal Knight)      Turns: 12239, Time: 00:35:39

Health: 0/163      AC: 26    Str: 15    XL:     13   Next: 7%
Magic:  14/14      EV:  2    Int: 14    God:    Lugonu [*****.]
Gold:   554        SH:  7    Dex: 19    Spells: 12/12 levels left

rFire    + . .     SeeInvis .   D - +3 scimitar (flame)
rCold    + . .     Gourm    .   M - +0 buckler
rNeg     + + +     Faith    .   (armour currently unavailable)
rPois    +         Spirit   .   (helmet currently unavailable)
rElec    +         Reflect  .   (cloak currently unavailable)
rCorr    +         Harm     .   (gloves currently unavailable)
MR       +....     NoTele   +   (boots currently unavailable)
Stlth    ++++......             (no amulet)
HPRegen  0.37/turn              d - ring of stealth
MPRegen  0.14/turn              B - ring of poison resistance

@: agile, tree-form, resistant, berserk cooldown, hasted, very quick
A: +LOS, swims, magic resistance 1
a: Depart the Abyss, Bend Space, Banish, Corrupt, Enter the Abyss, Renounce
Religion


You were in a Gauntlet.
You worshipped Lugonu.
Lugonu was extremely pleased with you.
You were not hungry.
You were a tree.
You visited 2 branches of the dungeon, and saw 11 of its levels.
You visited the Abyss 1 time.
You also visited: Gauntlet.

You collected 603 gold pieces.
You spent 49 gold pieces at shops.

Inventory:

Hand Weapons
 a - a +1 falchion
 o - a +0 hunting sling
 v - a +0 long sword of protection
 w - a +0 war axe
 D - a +3 scimitar of flaming (weapon)
 K - a +4 quarterstaff of chaos
Missiles
 k - 31 poisoned darts
 n - 85 sling bullets
 r - 5 curare-tipped darts (quivered)
 x - 3 boomerangs
 A - 7 datura-tipped darts
Armour
 h - a +2 pair of gloves (melded)
 m - a +2 pair of boots (melded)
 t - a +2 scale mail of cold resistance (melded)
 y - a +2 cloak of poison resistance
 C - a +1 shield
 G - a +0 helmet (melded)
 J - a +2 cloak of poison resistance (melded)
 M - a +0 buckler (worn)
 Q - a scarf of spirit shield
Jewellery
 d - a ring of stealth (left branch)
 B - a ring of poison resistance (right branch)
 S - the ring "Lethaf Voed" {Ice rN+ Str+5 Dex-5 Slay-5}
   (You found it in a Gauntlet)

   [ring of ice]

   It enhances your ice magic.
   It affects your strength (+5).
   It affects your dexterity (-5).
   It affects your accuracy and damage with ranged weapons and melee attacks
   (-5).
   It makes you vulnerable to fire.
   It protects you from cold.
   It protects you from negative energy.
Wands
 q - a wand of flame (13)
 L - a wand of polymorph (10)
Scrolls
 b - a scroll of fear
 e - 6 scrolls of remove curse
 g - a scroll of identify
 z - 3 scrolls of immolation
 N - a scroll of summoning {unknown}
 P - a scroll of magic mapping {unknown}
Potions
 j - 2 potions of invisibility
 u - a potion of flight
 H - a potion of resistance
 O - a potion of brilliance
Comestibles
 c - 13 rations


   Skills:
 + Level 12.6 Fighting
 - Level 16.4 Long Blades
 - Level 2.4 Armour
 - Level 1.1 Dodging
 + Level 11.4 Shields
 - Level 1.5 Invocations


You had 12 spell levels left.
You didn't know any spells.
Your spell library contained the following spells:

 Spells                   Type           Power        Failure   Level  Hunger
 Summon Small Mammal      Summ           #...         28%         1    ##.....
 Call Imp                 Summ           #.......     41%         2    ###....
 Call Canine Familiar     Summ           #.......     65%         3    ####...
 Summon Guardian Golem    Hex/Summ       #.......     65%         3    ####...
 Summon Ice Beast         Ice/Summ       #.......     96%         4    #####..
 Summon Lightning Spire   Summ/Air       #.......     96%         4    #####..
 Irradiate                Conj/Tmut      #.........   100%        5    ######.
 Hydra Form               Tmut           #.........   100%        6    #######
 Statue Form              Tmut/Erth      #........    100%        6    #######
 Dragon Form              Tmut           #.........   100%        7    #######


Dungeon Overview and Level Annotations

Branches:
Dungeon (8/15)             Temple (0/1) D:5            Lair (3/6) D:8
 Shoals (0/4) Lair:2      Gauntlet (1/1)
  Snake: Lair:2-4    Spider: Lair:2-4

Altars:
Elyvilon
Kikubaaqudgha
Qazlal
Sif Muna

Shops:
D:6 [

Annotations:
Gauntlet 10 transporters, 21 runed translucent doors


Innate Abilities, Weirdness & Mutations

Shadows flee at your approach. (+LOS)
You can swim through water.
((You cover ground slowly.))
((You can hop long distances.))
((You have sharp toenails.))
You are resistant to hostile enchantments. (MR+)


Message History

The minotaur hits you with the +3 war axe "Yfexash" {chop, *Noise rElec rPois Stlth+}!!
* * * LOW HITPOINT WARNING * * *
x2 The minotaur gores you but does no damage.
You slash the minotaur! You burn the minotaur.
The minotaur is heavily wounded.
You barely miss the minotaur.
The minotaur furiously retaliates!
The minotaur headbutts you, but does no damage.
The minotaur is heavily wounded.
You hit the minotaur but do no damage.
The minotaur is heavily wounded.
The minotaur hits you but does no damage.
The minotaur gores you!
* * * LOW HITPOINT WARNING * * *
You hit the minotaur but do no damage.
The minotaur is heavily wounded.
You hit the minotaur but do no damage.
The minotaur is heavily wounded.
The minotaur hits you with the +3 war axe "Yfexash" {chop, *Noise rElec rPois Stlth+}!!
* * * LOW HITPOINT WARNING * * *
You die...

......≈∩≈................
##########################
≈...............≈##8 #8#
8..©.©.©.©.©.©..8### ###
...............≈#
#.#.#######.#.###
...#(...# #
#.#.##.#.##.#.#
#.......♣.....#
#.#..##H##..#.# #
#8.8#..#.# #...#....#
#8.8#.8### #[.[#### #8.8#
#}.[# #8∩8#


You could see a minotaur.

Vanquished Creatures
  A great orb of eyes (Gauntlet)
  A hydra (Lair:2)
  Erica (D:8)
  2 two-headed ogres (D:8)
  An unseen horror (D:8)
  A necromancer (Gauntlet)
  An ugly thing (Gauntlet)
  A manticore (Lair:2)
  A black mamba (Lair:1)
  A spiny frog (Lair:1)
  A komodo dragon (Lair:2)
  A troll (D:7)
  A hippogriff (Lair:1)
  A blink frog (Lair:1)
  A human (D:7)
  7 yaks
  4 hogs (D:7)
  A hungry ghost (D:7)
  Menkaure (D:6)
  4 water moccasins
  Duvessa (D:6)
  3 orc warriors (D:6)
  2 sky beasts
  3 porcupines (Lair:2)
  A hornet zombie (D:7)
  A phantom (D:7)
  An ogre (D:5)
  A black bear (D:7)
  A necrophage (D:8)
  3 centaurs
  11 wolves
  5 crocodiles
  2 bullfrogs
  A wyvern zombie (D:7)
  Dowan (D:6)
  3 scorpions
  4 wights
  3 howler monkeys
  An electric eel (D:8)
  A centaur zombie (D:6)
  2 crimson imps
  12 hounds
  A gnoll shaman (D:5)
  A jelly (D:6)
  Crazy Yiuf (D:6)
  4 orc priests
  8 orc wizards
  2 centaur skeletons
  3 worker ants
  2 iguanas (D:7)
  A hound zombie (D:8)
  A hound skeleton (D:6)
  7 gnolls
  11 adders
  3 shadow imps
  2 oozes (D:6)
  An adder skeleton (D:8)
  2 worms
  3 dart slugs
  2 leopard geckos
  21 orcs
  2 ball pythons
  2 giant cockroaches
  11 goblins
  4 hobgoblins (D:2)
  9 jackals
  6 kobolds
  4 quokkas
  6 bats
  5 frilled lizards
  5 rats
  A fungus (D:6)
227 creatures vanquished.

Vanquished Creatures (others)
  A bullfrog zombie (D:8)
  A fungus (Lair:2)
  3 plants
5 creatures vanquished.

Grand Total: 232 creatures vanquished

Notes
Turn   | Place    | Note
-------+----------+-------------------------------------------
     0 | Abyss:1  | Froggeryz the Barachi Abyssal Knight began the quest for
                  | the Orb.
     0 | Abyss:1  | Reached XP level 1. HP: 18/18 MP: 2/2
    90 | Abyss:1  | Found a corrupted altar of Lugonu.
   103 | Abyss:1  | Noticed a small abomination
   104 | Abyss:1  | Noticed a Hell Sentinel
   109 | D:1      | Escaped the Abyss
   129 | D:1      | Reached skill level 3 in Long Blades
   220 | D:1      | Reached * piety under Lugonu
   222 | D:1      | Reached XP level 2. HP: 23/24 MP: 3/3
   529 | D:2      | Reached skill level 4 in Long Blades
   592 | D:2      | Reached XP level 3. HP: 28/29 MP: 4/4
   733 | D:2      | Reached ** piety under Lugonu
   781 | D:2      | Reached skill level 5 in Long Blades
   827 | D:2      | Reached XP level 4. HP: 31/36 MP: 5/5
  1602 | D:3      | Reached skill level 6 in Long Blades
  1819 | D:3      | Reached XP level 5. HP: 29/41 MP: 6/6
  2119 | D:3      | HP: 2/41 [orc wizard/puff of frost (5)]
  2335 | D:3      | Reached skill level 7 in Long Blades
  2620 | D:4      | Reached XP level 6. HP: 17/47 MP: 7/7
  3380 | D:3      | HP: 2/47 [orc/+0 long sword of protection (9)]
  3647 | D:4      | Reached skill level 8 in Long Blades
  4121 | D:4      | Reached XP level 7. HP: 47/52 MP: 8/8
  4239 | D:5      | Entered Level 5 of the Dungeon
  4295 | D:5      | Reached skill level 9 in Long Blades
  4692 | D:5      | Reached skill level 10 in Long Blades
  4845 | D:5      | Reached skill level 1 in Shields
  4845 | D:5      | Reached XP level 8. HP: 41/59 MP: 9/9
  4891 | D:5      | Found a staircase to the Ecumenical Temple.
  4994 | D:5      | Found an ancient bone altar of Kikubaaqudgha.
  5114 | D:6      | Reached skill level 11 in Long Blades
  5269 | D:6      | Found Utofal's Armour Emporium.
  5275 | D:6      | Bought a +0 helmet for 49 gold pieces
  5325 | D:6      | Reached *** piety under Lugonu
  5429 | D:6      | Found a shimmering blue altar of Sif Muna.
  5432 | D:6      | Found a white marble altar of Elyvilon.
  5503 | D:6      | Noticed Duvessa
  5503 | D:6      | Noticed Dowan
  5518 | D:6      | Killed Duvessa
  5527 | D:6      | Killed Dowan
  5621 | D:6      | Noticed Menkaure
  5636 | D:6      | Killed Menkaure
  5636 | D:6      | Reached skill level 12 in Long Blades
  5896 | D:6      | Reached XP level 9. HP: 59/64 MP: 10/10
  6556 | D:6      | Found a runed translucent door.
  6557 | D:6      | Noticed Crazy Yiuf
  6565 | D:6      | Killed Crazy Yiuf
  6665 | D:7      | Found a stormy altar of Qazlal.
  6684 | D:7      | Reached skill level 5 in Shields
  7002 | D:7      | Reached skill level 13 in Long Blades
  7695 | D:7      | Reached **** piety under Lugonu
  7730 | D:7      | Reached skill level 14 in Long Blades
  7837 | D:7      | Paralysed by fainting for 10 turns
  7856 | D:7      | Reached XP level 10. HP: 68/70 MP: 11/11
  7924 | D:8      | Found a staircase to the Lair.
  8309 | D:8      | Noticed a two-headed ogre
  8323 | D:8      | Killed a two-headed ogre
  8329 | D:8      | Reached skill level 15 in Long Blades
  8793 | D:8      | Noticed a two-headed ogre
  8822 | D:8      | Killed a two-headed ogre
  8997 | D:8      | Killed an unseen horror
  9250 | D:8      | Noticed Erica
  9279 | D:8      | Killed Erica
  9279 | D:8      | Reached skill level 16 in Long Blades
  9279 | D:8      | Reached XP level 11. HP: 63/75 MP: 12/12
  9550 | Lair:1   | Entered Level 1 of the Lair of Beasts
 10465 | Lair:2   | Found a staircase to the Shoals.
 10465 | Lair:2   | Noticed a manticore
 10708 | Lair:2   | Noticed a four-headed hydra
 10715 | Lair:2   | Killed a one-headed hydra
 10715 | Lair:2   | Reached skill level 5 in Fighting
 10715 | Lair:2   | Reached skill level 10 in Shields
 10873 | Lair:2   | Killed a manticore
 11319 | Lair:3   | Found a gate leading to a gauntlet.
 11329 | Gauntlet | Entered a Gauntlet
 11329 | Gauntlet | Found a transporter.
 11329 | Gauntlet | Found a large runed translucent door.
 11330 | Gauntlet | Found a large runed translucent door.
 11331 | Gauntlet | Found a large runed translucent door.
 11331 | Gauntlet | Found a large runed translucent door.
 11331 | Gauntlet | Found a runed translucent door.
 11331 | Gauntlet | Found a runed translucent door.
 11331 | Gauntlet | Found a large runed translucent door.
 11331 | Gauntlet | Found a large runed translucent door.
 11333 | Gauntlet | Found a large runed translucent door.
 11333 | Gauntlet | Found a large runed translucent door.
 11334 | Gauntlet | Found a large runed translucent door.
 11334 | Gauntlet | Found a large runed translucent door.
 11335 | Gauntlet | Found a large runed translucent door.
 11335 | Gauntlet | Found a large runed translucent door.
 11336 | Gauntlet | Found a runed translucent gate.
 11336 | Gauntlet | Found a runed translucent gate.
 11336 | Gauntlet | Found a runed translucent gate.
 11336 | Gauntlet | Found a large runed translucent door.
 11336 | Gauntlet | Found a large runed translucent door.
 11336 | Gauntlet | Noticed a necromancer
 11337 | Gauntlet | Found a transporter.
 11337 | Gauntlet | Found a large runed translucent door.
 11337 | Gauntlet | Found a large runed translucent door.
 11339 | Gauntlet | Found a transporter.
 11341 | Gauntlet | Found a transporter.
 11363 | Gauntlet | Found a transporter.
 11365 | Gauntlet | Found a transporter.
 11371 | Gauntlet | Noticed a soul eater
 11372 | Gauntlet | Found a transporter.
 11388 | Gauntlet | Found a transporter.
 11419 | Gauntlet | Found a transporter.
 11436 | Gauntlet | Found a transporter.
 11444 | Gauntlet | Found a transporter.
 11511 | Gauntlet | Killed a necromancer
 11530 | Gauntlet | Reached ***** piety under Lugonu
 11547 | Gauntlet | Noticed a spectral death yak
 11774 | Gauntlet | Found a transporter.
 11795 | Gauntlet | Noticed a death scarab
 11815 | Gauntlet | Noticed a brown ugly thing
 11815 | Gauntlet | Noticed a great orb of eyes
 11815 | Gauntlet | Found a transporter.
 11815 | Gauntlet | Found a transporter.
 11829 | Gauntlet | Paralysed by a great orb of eyes for 2 turns
 11829 | Gauntlet | Noticed a fire crab
 11831 | Gauntlet | Killed a great orb of eyes
 11831 | Gauntlet | Reached XP level 12. HP: 57/93 MP: 2/13
 11896 | Gauntlet | Noticed a death scarab
 11902 | Gauntlet | Found a transporter.
 11904 | Gauntlet | Got a bound granite ring
 11905 | Gauntlet | Identified the ring "Lethaf Voed" {Ice rN+ Str+5 Dex-5
                  | Slay-5} (You found it in a Gauntlet)
 12155 | Gauntlet | Found the +8 lance "Wyrmbane" {slay drac, rPois rF+ rC+
                  | AC+3}
 12155 | Gauntlet | Found a transporter.
 12155 | Gauntlet | Noticed a ghost crab
 12189 | Gauntlet | Identified the +3 war axe "Yfexash" {chop, *Noise rElec
                  | rPois Stlth+}
 12189 | Gauntlet | Noticed a minotaur
 12207 | Gauntlet | Gained mutation: You have sharp toenails. [potion of
                  | mutation]
 12207 | Gauntlet | Gained mutation: You are resistant to hostile enchantments.
                  | (MR+) [potion of mutation]
 12210 | Gauntlet | Gained mutation: You can hop long distances. [Barachi
                  | growth]
 12210 | Gauntlet | Reached XP level 13. HP: 21/109 MP: 14/14
 12239 | Gauntlet | HP: 1/163 [minotaur/the +3 war axe "Yfexash" {chop, *Noise
                  | rElec rPois Stlth+} (23)]
 12239 | Gauntlet | Slain by a minotaur

Levels and vault maps discovered:
D:1:      dpeg_arrival_arbitrary_c, layout_rooms, minmay_misc_feat_diagonals
D:2:      minmay_angry_zag, layout_loops_cross, minmay_between
D:3:      layout_rooms
D:4:      layout_basic
D:5:      layout_rooms, nicolae_overflow_crystal_walls,
          minmay_temple_entry_junction, first_ration
D:6:      layout_cave_pods, minitemple, serial_shops, shop, uniq_menkaure,
          uniq_crazy_yiuf_cottage, uniq_duvessa
D:7:      layout_loops_corners, kennysheep_little_box, grunt_livestock
D:8:      layout_rooms, erik_lair_island, nrook_campfire, uniq_erica
Lair:1:   layout_gridlike, grunt_megastairs_1, serial_bayou_shore_a
Lair:2:   layout_chaotic_city, minmay_shoals_entry_beasts, lemuel_oklob_altar
Lair:3:   beast_lair_carwin_large_3, layout_chaotic_city,
          gauntlet_entry_generic, serial_bayou_shore_b, grunt_megastairs_3
Gauntlet: gammafunk_gauntlet_one_two_three [gammafunk_gauntlet_arena_spirals,
          nicolae_gauntlet_arena_x, minmay_gauntlet_arena_make_your_own_arena,
          nicolae_gauntlet_arena_blocks, nicolae_gauntlet_arena_flowing_pool,
          nicolae_gauntlet_arena_t_cross, gammafunk_gauntlet_arena_teeth,
          gammafunk_gauntlet_arena_grid, gammafunk_gauntlet_arena_split_diamond,
          nicolae_gauntlet_exit_dead_adventurers]

Skill      XL: |  1  2  3  4  5  6  7  8  9 10 11 12 |
---------------+-------------------------------------+-----
Long Blades    | 3 4 5 6 7 8 10 12 14 16 | 16.4
Shields        | 1 4 6 9 11 | 11.4
Fighting       | 8 12 | 12.6
Armour         | |  2.4
Dodging        | |  1.1
Invocations    | |  1.5

Action                   |  1- 3 |  4- 6 |  7- 9 | 10-12 | 13-15 || total
-------------------------+-------+-------+-------+-------+-------++-------
Melee: Falchion          |    83 |   171 |       |    72 |       ||   326
       Long sword        |       |    42 |   434 |   263 |       ||   739
       Scimitar          |       |       |       |   159 |     6 ||   165
Throw: Dart              |       |    37 |    55 |    15 |       ||   107
Invok: Depart the Abyss  |     1 |       |       |       |       ||     1
 Abil: Hop               |     3 |     5 |     3 |     3 |       ||    14
Evoke: Wand              |       |    11 |     3 |    12 |       ||    26
  Use: Potion            |     1 |     3 |       |    13 |     4 ||    21
       Scroll            |       |       |       |    15 |       ||    15
 Stab: Sleeping          |     8 |     1 |       |       |       ||     9
       Paralysed         |       |    12 |     7 |       |       ||    19
       Confused          |       |       |       |    10 |       ||    10
  Eat: Chunk             |       |     8 |     9 |    10 |       ||    27
       Ration            |       |     1 |     2 |     3 |       ||     6
Armor: Leather armour    |    33 |    49 |       |       |       ||    82
       Scale mail        |       |    58 |   233 |   188 |       ||   479
       Skin              |       |       |       |     2 |     3 ||     5
Dodge: Dodged            |    71 |   130 |   144 |   129 |     1 ||   475
Block: Buckler           |       |       |    14 |    90 |       ||   104
       Rpst.: Falchion   |    25 |    32 |       |     4 |       ||    61
       Long sword        |       |     5 |    54 |    26 |       ||    85
       Scimitar          |       |       |       |    17 |       ||    17
